 Zot Defence DCSS version 0.15-a0-1403-g2cecdf4 (webtiles) character file.

39 PolkaDot the Cutter (level 3, -5/23 (27) HPs)
             Began as a Vampire Death Knight on June 11, 2014.
             Was a Follower of Yredelemnul.
             Shot with an arrow by Cijinuro (7 damage)
             ... in the Realm of Zot (Scenario III: Two or Three?).
             The game lasted 00:04:35 (501 turns).

PolkaDot the Cutter (Vampire Death Knight)           Turns: 501, Time: 00:04:36

HP  -5/23 (27)   AC  3     Str 12      XL: 3   Next: 26%
MP   4/4         EV 10     Int 13      God: Yredelemnul [*.....]
Gold 0           SH  0     Dex 14      Spells:  0 memorised,  2 levels left

rFire  . . .     SeeInvis +     a - +1 short sword
rCold  . . .     Clarity  .     b - +0 leather armour
rNeg   + . .     rCorr    .     (no shield)
rPois  .         rRot     .     (no helmet)
rElec  .         Spirit   .     (no cloak)
SustAb .         Warding  .     (no gloves)
rMut   .         Stasis   .     (no boots)
Gourm  .                        (no amulet)
MR     .....                    (no ring)
                                (no ring)

@: not resistant to hostile enchantments, very unstealthy
A: fangs 3, see invisible, unbreathing
a: Make oklob sapling, Make arrow trap, Bat Form, Animate Remains, Renounce
Religion


You were in the Realm of Zot.
You worshipped Yredelemnul.
Yredelemnul was aware of your devotion.
You were not thirsty.

You visited 1 branch

Inventory:

Hand weapons
 a - a +1,+1 short sword (weapon)
Armour
 b - a +0 leather armour (worn)
Scrolls
 i - a scroll of blinking
Potions
 c - 3 potions of curing
 d - a potion of blood {@w2}
 e - a potion of heal wounds
 f - a potion of haste
 g - 2 potions of magic
 h - a potion of berserk rage


   Skills:
 - Level 1.7 Fighting
 * Level 4.1 Short Blades
 - Level 0.7 Armour
 - Level 1.1 Dodging
 - Level 2.4 Invocations


You had 2 spell levels left.
You didn't know any spells.

Dungeon Overview and Level Annotations

Branches:
    Zot (1/1)

Altars:


Innate Abilities, Weirdness & Mutations

You have razor-sharp teeth.*
You have supernaturally acute eyesight.
You can survive without breathing.*


Message History

Cijinuro barely misses you.
Found the Orb of Zot.
You sense that a powerful threat has arrived.
You barely miss Cijinuro.
Cijinuro is lightly wounded.
Cijinuro wields a shortbow.
Cijinuro shoots an arrow.
The arrow barely misses you.
The arrow barely misses the bat.
Your flesh rots away as the Orb of Zot is desecrated.
* * * LOW HITPOINT WARNING * * *
Your flesh rots away as the Orb of Zot is desecrated.
* * * LOW HITPOINT WARNING * * *
You hit Cijinuro but do no damage. You bite Cijinuro.
Cijinuro is lightly wounded.
Your flesh rots away as the Orb of Zot is desecrated.
* * * LOW HITPOINT WARNING * * *
Your flesh rots away as the Orb of Zot is desecrated.
* * * LOW HITPOINT WARNING * * *
Cijinuro shoots an arrow.
The arrow hits you!
You die...
Yredelemnul claims you as an undead slave.

▓▓▓▓▓...........▓▓▓▓▓
▓▓▓▓▓▓▓.........b.........▓▓▓▓▓▓▓
....▓▓...▓▓...........▓▓...▓▓....
....b▓..▓▓▓▓▓.......▓▓▓▓▓..▓.....
.....▓..▓ ▓▓.....▓▓ ▓..▓.....
.....▓..▓ ▓▓...▓▓ ▓..▓.....
S....▓..▓ ▓...▓ ▓..▓.....
▓....▓..▓ ▓▓.▓▓ ▓..▓....▓
▓▓...▓..▓ ▓@▓ ▓..▓...▓▓
▓▓...▓..▓▓▓▓▓▓▓▓c▓▓▓▓▓▓▓▓..▓...▓▓
▓▓...▓▓.S..S..............▓▓...▓▓
▓▓.....▓.................▓.....▓▓
▓▓▓....▓.................▓....▓▓▓
▓▓▓▓▓▓▓▓▓▓▓▓▓▓▓▓▓▓▓▓▓▓▓▓▓▓▓▓▓▓▓▓▓
b...▓▓▓ ▓▓▓▓▓▓▓▓▓ ▓▓▓....
▓▓...c▓▓▓


▓▓cSrssK.▓▓ ▓▓▓....▓▓ ▓▓▓▓..b.▓▓▓▓..ror....▓▓▓▓....▓▓▓▓ You could see Cijinuro
the centaur and a bat.

Vanquished Creatures
  8 bats (Zot)
  2 goblins (Zot)
  A kobold (Zot)
  A giant newt (Zot)
  A rat (Zot)
13 creatures vanquished.

Vanquished Creatures (collateral kills)
  A goblin (Zot)
  A hobgoblin (Zot)
  A kobold (Zot)
  3 bats (Zot)
6 creatures vanquished.

Grand Total: 19 creatures vanquished

Notes
Turn   | Place    | Note
--------------------------------------------------------------
     0 | Zot      | PolkaDot, the Vampire Death Knight, began the quest for the Orb.
     0 | Zot      | Reached XP level 1. HP: 16/16 MP: 1/1
   196 | Zot      | Reached skill level 3 in Short Blades
   196 | Zot      | Reached XP level 2. HP: 22/22 MP: 2/2
   213 | Zot      | Noticed Cijinuro
   386 | Zot      | Reached XP level 3. HP: 14/27 MP: 4/4
   412 | Zot      | Reached skill level 4 in Short Blades
   501 | Zot      | Shot with an arrow by Cijinuro

Action                   || total
-------------------------++-------
Melee: Short sword       ||    56
 Abil: Make oklob saplin ||     1
